 Dungeon Crawl Stone Soup version 0.28-a0-863-g8cecda6153 (webtiles) character file.

Game seed: 18233684369771237918

13 Htamos the Sneak (level 2, 0/13 HPs)
             Began as a Spriggan Enchanter on Nov 17, 2021.
             Slain by a kobold (7 damage)
             ... on level 2 of the Dungeon.
             The game lasted 00:02:23 (907 turns).

Htamos the Sneak (Spriggan Enchanter)                Turns: 907, Time: 00:02:24

Health: 0/13       AC:  4    Str:  4    XL:     2   Next: 24%
Magic:  7/7        EV: 17    Int: 16    God:
Gold:   23         SH:  0    Dex: 15    Spells: 7/7 levels left

rFire   . . .      SeeInvis +   a - +1 dagger
rCold   . . .      Faith    .   (shield restricted)
rNeg    . . .      Spirit   .   b - +0 robe
rPois   .          Reflect  .   (helmet restricted)
rElec   .          Harm     .   (no cloak)
rCorr   .          Rampage  .   (gloves unavailable)
Will    .....                   (boots unavailable)
Stlth   +++.......              (no amulet)
HPRegen 0.04/turn               (no ring)
MPRegen 0.10/turn               (no ring)

@: flying, unable to read, very quick
A: very small, no large weapons, unfitting armour, see invisible, speed 3,
iridescent scales 1, subdued magic 1, inability to read while threatened
a: no special abilities


You were on level 2 of the Dungeon.
You visited 1 branch of the dungeon, and saw 2 of its levels.

You collected 23 gold pieces.

Inventory:

Hand Weapons
 a - a +1 dagger (weapon)
Armour
 b - a +0 robe (worn)
Scrolls
 e - a scroll of identify {unknown}


   Skills:
 + Level 0.3 Fighting
 + Level 1.2 Short Blades
 + Level 2.8 Dodging
 + Level 4.6 Stealth
 * Level 3.0 Spellcasting
 * Level 3.8 Hexes


You had 7 spell levels left.
You didn't know any spells.
Your spell library contained the following spells:

 Spells                   Type           Power      Damage    Failure   Level
 Confusing Touch          Hex            11%        N/A       10%         3
 Tukima's Dance           Hex            11%        N/A       10%         3
 Ensorcelled Hibernation  Hex/Ice        12%        N/A       11%         2
 Dazzling Flash           Conj/Hex       12%        N/A       22%         3


Dungeon Overview and Level Annotations

Branches:
Dungeon (2/15)

Altars:


Innate Abilities, Weirdness & Mutations

You are very small and have problems with some larger weapons.
You are too small for most types of armour.
You have supernaturally acute eyesight. (SInv)
You cover ground extremely quickly. (Speed+++)
You are partially covered in iridescent scales. (AC +2)
Your spells are a little easier to cast, but a little less powerful.
You sometimes lose the ability to read scrolls when taking damage.


Message History

The adder closely misses you.
You strike the helpless adder from behind!
You puncture the adder!
You kill the adder!
Your Spellcasting skill increases to level 3!
You have reached level 2!
You flicker for a moment.
You flicker back into view.
A kobold comes into view. It is wielding a +0 quarterstaff.
A bat comes into view.
The kobold shouts!
You hit the kobold but do no damage.
The kobold hits you with a +0 quarterstaff.
* * * LOW HITPOINT WARNING * * *
You are too injured to fight recklessly!
Unknown command.
The bat barely misses you.
You hit the bat.
The bat is severely wounded.
The bat completely misses you. The bat misses you.
You hit the bat.
You kill the bat!
You aren't carrying any items that you can evoke.
It was a potion of flight.
You feel very buoyant.
You fly up into the air.
A ball python comes into view.
You see here a quokka corpse.
It was a potion of mutation.
You feel extremely strange.
Iridescent scales grow over part of your body.
Your connection to magic feels subdued.
You lose the ability to read scrolls when threatened.
Unknown command.
You hit the kobold but do no damage. The kobold completely misses you.
You hit the kobold but do no damage. The kobold completely misses you.
You barely miss the kobold.
The kobold hits you with a +0 quarterstaff!
You feel threatened and lose the ability to read scrolls!
Ouch! That really hurt!
You die...

#### #..# #..# #
####..#####.#
#............
#.##.........
##.##.<.......
#..@..........
#######.K##.........
.............###.##.
...................
#............##..##.
...####..##..##.... ..
+...†........... # .
####..##..##....
...###+#######............


You could see a kobold.

Vanquished Creatures
  An adder (D:2)
  A giant cockroach (D:1)
  A quokka (D:2)
  A bat (D:2)
  A frilled lizard (D:1)
5 creatures vanquished.

Notes
Turn   | Place    | Note
-------+----------+-------------------------------------------
     0 | D:1      | Htamos the Spriggan Enchanter began the quest for the Orb.
     0 | D:1      | Reached XP level 1. HP: 9/9 MP: 5/5
   770 | D:2      | Reached XP level 2. HP: 7/13 MP: 7/7
   900 | D:2      | Gained mutation: You are partially covered in iridescent
                  | scales. (AC +2) [potion of mutation]
   900 | D:2      | Gained mutation: Your spells are a little easier to cast,
                  | but a little less powerful. [potion of mutation]
   900 | D:2      | Gained mutation: You sometimes lose the ability to read
                  | scrolls when taking damage. [potion of mutation]
   907 | D:2      | Slain by a kobold

Illustrated notes

Levels and vault maps discovered:
D:1:      dpeg_arrival_long_road, layout_rooms, lemuel_flame_loot_1
D:2:      layout_basic

Skill      XL: |  1 |
---------------+----+-----
Spellcasting   | 3 |  3.0
Fighting       | |  0.3
Short Blades   | |  1.2
Dodging        | |  2.8
Stealth        | |  4.6
Hexes          | |  3.8

Action                   || total
-------------------------++-------
Melee: Dagger            ||    31
  Use: Potion            ||     3
 Stab: Sleeping          ||     2
       Invisible         ||     1
Dodge: Dodged            ||    22

Table legend: (Time is in decaauts)
 A = Elapsed time spent in this place.
 B = Non-inter-level travel time spent in this place.
 C = Inter-level travel time spent in this place.
 D = Time resting spent in this place.
 E = Time spent auto-exploring this place.
 F = Levels seen in this place.
 G = Mean time per level.
                   A        B        C        D        E       F      G
               +--------+--------+--------+--------+--------+-----+--------+
         Total |    822 |    822 |      0 |    237 |    441 |   2 |  411.0 |
       Dungeon |    822 |    822 |      0 |    237 |    441 |   2 |  411.0 |
               +--------+--------+--------+--------+--------+-----+--------+

Top non-repeatable levels by time:
     D:1: 427 daAuts
     D:2: 395 daAuts
